 Dungeon Crawl Stone Soup version 0.19-a0-1201-gda63bca (webtiles) character file.

37 epen the Skirmisher (level 3, -4/29 HPs)
             Began as a Demonspawn Monk on Aug 20, 2016.
             Slain by a worm (6 damage)
             ... on level 2 of the Dungeon.
             The game lasted 00:01:39 (1439 turns).

epen the Skirmisher (Demonspawn Monk)               Turns: 1439, Time: 00:01:40

Health: -4/29      AC:  3    Str: 11    XL:     3   Next: 21%
Magic:  3/3        EV: 13    Int: 12    God:
Gold:   67         SH:  0    Dex: 15    Spells: 0 memorised, 2 levels left

rFire  . . .     SeeInvis +       - Unarmed
rCold  . . .     Gourm    .     a - +0 robe
rNeg   + . .     Faith    .     (no shield)
rPois  .         Spirit   .     (no helmet)
rElec  .         Dismiss  .     h - +0 cloak
rCorr  .         Reflect  .     (no gloves)
MR     .....     Harm     .     (no boots)
Stlth  ++........               (no amulet)
                                e - ring of positive energy
                                f - ring of see invisible

@: no status effects
A: demonic guardian 2
a: no special abilities


You were on level 2 of the Dungeon.
You were not hungry.

You visited 1 branch of the dungeon, and saw 2 of its levels.

You collected 67 gold pieces.

Inventory:

Armour
 a - a +0 robe (worn)
 h - a +0 cloak (worn)
Jewellery
 e - a ring of positive energy (right hand)
 f - a ring of see invisible (left hand)
Scrolls
 c - 3 scrolls of random uselessness {unknown}
 d - a scroll of fear {unknown}
 i - 2 scrolls of identify {unknown}
 j - a scroll of enchant armour {unknown}
 k - a scroll of teleportation {unknown}
 m - 2 scrolls of immolation {unknown}
Potions
 g - a potion of heal wounds {unknown}
 l - a potion of agility {unknown}
Comestibles
 b - a bread ration
 n - a chunk of flesh
 o - a beef jerky
 p - a meat ration


   Skills:
 + Level 3.4 Fighting
 + Level 3.0 Dodging
 - Level 1.7 Stealth
 * Level 3.3 Unarmed Combat


You had 2 spell levels left.
You didn't know any spells.

Dungeon Overview and Level Annotations

Branches:
Dungeon (2/15)

Altars:


Innate Abilities, Weirdness & Mutations

A demonic guardian rushes to your aid.


Message History

You hit the worm.
The worm is moderately wounded.
You hit the worm.
The worm is moderately wounded.
The worm closely misses you.
You barely miss the worm.
The worm is moderately wounded.
The worm bites you.
* * * LOW HITPOINT WARNING * * *
You hit the worm.
The worm is moderately wounded.
You hit the worm.
The worm is heavily wounded.
The worm barely misses you.
You barely miss the worm.
The worm is heavily wounded.
You hit the worm.
The worm is heavily wounded.
The worm bites you.
You die...

#....#.# #..# #.#
#.##.#### #.##.#.# #..#
#.# #.##....#.# #.⌠
...#
#..###.###.........#
... .[.
#.............##.###
...# #..#
##.###w###..#.##.# ...#
#.# #[# #.###.##.##.#
#.#####.# #.##..##....#
#.......###†##.######†#
#......bw@w.##.# #.#
..############.# #.#
#.. #.# #.# ##..
###.######(# .....#
#..........# .. ..#
#.#..#####.# ##.# #>#
#.##.# #.# ...# #.#
#.##.# #.# ).# #.#
#.##.# ..#


You could see 2 worms and a bat.

Vanquished Creatures
  2 giant geckos (D:1)
  4 bats
  2 giant cockroaches
  5 goblins
  3 hobgoblins
  A quokka (D:2)
  8 kobolds (D:1)
  7 rats
32 creatures vanquished.

Notes
Turn   | Place    | Note
-------+----------+-------------------------------------------
     0 | D:1      | epen the Demonspawn Monk began the quest for the Orb.
     0 | D:1      | Reached XP level 1. HP: 18/18 MP: 1/1
     2 | D:1      | Noticed a ghoul
     2 | D:1      | Noticed an octopode
     4 | D:1      | Noticed a draconian
     6 | D:1      | Noticed an ogre
     8 | D:1      | Noticed a tengu
     8 | D:1      | Noticed a minotaur
    10 | D:1      | Noticed a vine stalker
    10 | D:1      | Noticed a vampire
    12 | D:1      | Noticed a felid
    12 | D:1      | Noticed a merfolk
    14 | D:1      | Noticed a halfling
    14 | D:1      | Noticed a formicid
    16 | D:1      | Noticed a troll
    16 | D:1      | Noticed a human
    18 | D:1      | Noticed a spriggan
    18 | D:1      | Noticed a demigod
    20 | D:1      | Noticed a demonspawn
    20 | D:1      | Noticed a centaur
    22 | D:1      | Noticed a gargoyle
    24 | D:1      | Noticed a naga
    24 | D:1      | Noticed an elf
    26 | D:1      | Noticed a dwarf
   176 | D:1      | Gained mutation: A weak demonic guardian rushes to your aid. [demonic ancestry]
   176 | D:1      | Reached XP level 2. HP: 20/24 MP: 2/2
  1171 | D:2      | Gained mutation: A demonic guardian rushes to your aid. [demonic ancestry]
  1171 | D:2      | Reached XP level 3. HP: 28/29 MP: 3/3
  1439 | D:2      | Slain by a worm

Vault maps used:
D:1:      kb_arrival_jail
D:2:      hex_large, evilmike_ruin_ashenzari

Skill      XL: |  1  2 |
---------------+-------+-----
Unarmed Combat | 3 |  3.3
Dodging        | 3 |  3.0
Fighting       | |  3.4
Stealth        | |  1.7

Action                   || total
-------------------------++-------
Melee: Unarmed           ||   144
       Punch             ||     2
 Stab: Sleeping          ||     2
  Eat: Chunk             ||     2
Armor: Robe              ||    28
Dodge: Dodged            ||    90
